 Dungeon Crawl Stone Soup version 0.23-a0-106-g63f3d0b (webtiles) character file.

7875 Kuinu the Fighter (level 11, -3/104 HPs)
             Began as a Purple Draconian Berserker on Aug 2, 2018.
             Was a High Priest of Trog.
             Slain by a two-headed ogre
             ... wielding a +0 giant club
              (25 damage)
             ... on level 10 of the Dungeon on Aug 20, 2018.
             The game lasted 00:23:06 (10751 turns).

Kuinu the Fighter (Purple Draconian Berserker)     Turns: 10751, Time: 00:23:07

Health: -3/104     AC:  9    Str: 19    XL:     11   Next: 2%
Magic:  0/11       EV: 18    Int:  7    God:    Trog [*****.]
Gold:   254        SH:  0    Dex: 18    Spells: 10/10 levels left

rFire    . . .     SeeInvis .   v - +0 long sword
rCold    . . .     Gourm    .   (no shield)
rNeg     + . .     Faith    .   (armour unavailable)
rPois    .         Spirit   +   (helmet restricted)
rElec    .         Reflect  .   I - +0 cloak
rCorr    .         Harm     .   (no gloves)
MR       +....                  F - +0 pair of boots
Stlth    ++........             c - amulet of guardian spirit
HPRegen  0.27/turn              p - ring of positive energy
MPRegen  0.12/turn              E - +3 ring of dexterity

@: berserk cooldown, hasted and slowed
A: breathe power, unfitting armour, cold-blooded, AC +7
a: Breathe Dispelling Energy, Berserk, Trog's Hand, Brothers in Arms, Renounce
Religion


You were on level 10 of the Dungeon.
You worshipped Trog.
Trog was extremely pleased with you.
You were hungry.

You visited 1 branch of the dungeon, and saw 10 of its levels.
You also visited: Sewer.

You collected 443 gold pieces.
You spent 189 gold pieces at shops.

Inventory:

Hand Weapons
 a - a +0 falchion
 r - a +0 spear of piercing
 t - a +1 war axe of venom
 v - a +0 long sword (weapon)
 x - a cursed -3 spear
Armour
 F - a +0 pair of boots (worn)
 G - a +0 pair of boots
 I - a +0 cloak (worn)
Jewellery
 c - an amulet of guardian spirit (around neck)
 p - a ring of positive energy (left hand)
 E - a +3 ring of dexterity (right hand)
Wands
 h - a wand of random effects (27)
 n - a wand of paralysis (22)
 q - a wand of polymorph (13)
 B - a wand of enslavement (16)
Scrolls
 d - 10 scrolls of remove curse
 e - 5 scrolls of enchant weapon
 g - 5 scrolls of teleportation
 k - 4 scrolls of immolation
 l - 5 scrolls of amnesia
 m - a scroll of fog
 s - a scroll of noise
 u - a scroll of magic mapping
 w - 5 scrolls of identify
 y - 2 scrolls of blinking
 D - a scroll of fear {unknown}
 K - a scroll of silence {unknown}
Potions
 i - 3 potions of flight
 j - a potion of curing
 o - 3 potions of lignification
 z - a potion of berserk rage {unknown}
 A - 2 potions of haste
 C - 3 potions of ambrosia
 H - a potion of agility {unknown}
 J - a potion of brilliance {unknown}
Comestibles
 b - 14 rations
 L - a chunk of flesh


   Skills:
 * Level 12.0 Fighting
 * Level 11.1 Long Blades
 + Level 7.5 Dodging


You had 10 spell levels left.
You didn't know any spells.
Your spell library was empty.

Dungeon Overview and Level Annotations

Branches:
Dungeon (10/15)            Temple (0/1) D:6
   Lair: D:8-11         Orc: D:9-12

Altars:
Ashenzari
Cheibriados
Dithmenos
Fedhas
Gozag
Hepliaklqana
Kikubaaqudgha
Nemelex Xobeh
Qazlal
Trog
Uskayaw
Vehumet
Wu Jian
Zin
The Shining One

Shops:
D:6 *

Annotations:
D:5 3 runed doors, lurker's ghost, amateur DDEE


Innate Abilities, Weirdness & Mutations

You can breathe bolts of dispelling energy.
Your rich purple scales are hard. (AC +7)
You cannot fit into any form of body armour.
You are cold-blooded and may be slowed by cold attacks.


Message History

The ice beast closely misses you.
You hit the two-headed ogre.
The two-headed ogre is severely wounded.
The two-headed ogre closely misses you.
The two-headed ogre hits you with a giant club!
The ice beast barely misses you.
You riposte.
You closely miss the ice beast.
You tail-slap the ice beast, but do no damage.
You hit the two-headed ogre but do no damage.
The two-headed ogre is severely wounded.
The ice beast completely misses you.
You riposte.
You hit the ice beast.
Your tail-slap misses the ice beast.
The ice beast is lightly wounded.
The two-headed ogre hits you with a giant club!!
* * * LOW HITPOINT WARNING * * *
The two-headed ogre hits you with a giant club!
* * * LOW HITPOINT WARNING * * *
You feel better. The ice beast closely misses you.
You feel better.
The two-headed ogre hits you with a giant club!!
You die...

.......... #........
#....... #..?...
#..... #....# #.OY.#
#..@.# #....# ###..#
+..# ####+#..+
.##+##.......######
....................
.....................
#.....................


You could see a two-headed ogre and an ice beast.

Vanquished Creatures
  2 two-headed ogres
  Joseph (D:7)
  Psyche (D:10)
  A hippogriff (D:9)
  2 hornets (D:9)
  Sigmund (D:5)
  A yak (D:9)
  A wyvern (D:9)
  Menkaure (D:5)
  2 soldier ants (D:9)
  Duvessa (D:7)
  2 black bears
  An eye of draining (D:9)
  3 ice beasts
  3 sky beasts
  An orc warrior (D:9)
  5 centaurs
  A phantom (D:4)
  6 ogres
  3 big kobolds
  4 bullfrogs
  Dowan (D:7)
  6 scorpions
  3 killer bees (D:9)
  A wight (D:9)
  A howler monkey (D:6)
  A bullfrog zombie (D:7)
  A crimson imp (D:6)
  6 jellies
  A quasit (D:5)
  3 orc priests
  7 hounds
  5 orc wizards
  A bullfrog skeleton (D:5)
  2 centaur skeletons
  Ijyb (D:3)
  Terence (D:2)
  4 iguanas
  7 worker ants
  A killer bee zombie (D:6)
  A hound zombie (D:9)
  2 hound skeletons
  A howler monkey zombie (D:7)
  21 adders
  4 gnolls
  3 shadow imps (D:7)
  9 oozes
  An adder skeleton (D:7)
  3 worms
  A dart slug (D:3)
  20 leopard geckos
  23 orcs
  4 bats
  21 giant cockroaches
  7 goblins
  4 hobgoblins
  8 jackals
  3 quokkas
  10 ball pythons
  10 frilled lizards
  2 jackal skeletons (D:6)
  14 kobolds
  A leopard gecko zombie (D:5)
  A quokka skeleton (D:7)
  5 rats
275 creatures vanquished.

Vanquished Creatures (others)
  A giant cockroach (D:4)
1 creature vanquished.

Grand Total: 276 creatures vanquished

Notes
Turn   | Place    | Note
-------+----------+-------------------------------------------
     0 | D:1      | Kuinu the Draconian Berserker began the quest for the Orb.
     0 | D:1      | Reached XP level 1. HP: 19/19 MP: 1/1
    94 | D:1      | Reached XP level 2. HP: 21/26 MP: 2/2
   389 | D:1      | Reached XP level 3. HP: 25/33 MP: 3/3
   647 | D:2      | Reached skill level 4 in Fighting
   700 | D:2      | Reached ** piety under Trog
   730 | D:2      | Reached XP level 4. HP: 40/40 MP: 4/4
   848 | D:2      | Found a hide-covered altar of Uskayaw.
   858 | D:2      | Found an ornate altar of the Wu Jian Council.
   879 | D:2      | Found a shadowy altar of Dithmenos.
   933 | D:2      | Noticed Terence
   941 | D:2      | Killed Terence
  1532 | D:3      | Reached XP level 5. HP: 43/47 MP: 5/5
  1539 | D:3      | Found a hazy altar of Hepliaklqana.
  1732 | D:3      | Reached skill level 5 in Fighting
  1981 | D:3      | Found a shattered altar of Ashenzari.
  2035 | D:3      | Noticed Ijyb
  2043 | D:3      | Paralysed by Ijyb for 5 turns
  2057 | D:3      | Paralysed by Ijyb for 6 turns
  2068 | D:3      | Killed Ijyb
  2640 | D:4      | Noticed an ogre
  2643 | D:4      | Killed an ogre
  2643 | D:4      | Reached skill level 5 in Long Blades
  2643 | D:4      | Reached XP level 6. HP: 56/56 MP: 6/6
  3142 | D:4      | Reached skill level 6 in Fighting
  3142 | D:4      | Your scales start taking on a rich purple colour.
  3142 | D:4      | Reached XP level 7. HP: 25/63 MP: 5/7
  4114 | D:4      | Reached *** piety under Trog
  4150 | D:4      | Found a sparkling altar of Nemelex Xobeh.
  4609 | D:5      | Entered Level 5 of the Dungeon
  4694 | D:5      | Upgraded the game from 0.23-a0-14-g8c9a20f to 0.23-a0-106-g63f3d0b
  4710 | D:5      | Noticed Menkaure
  4715 | D:5      | Killed Menkaure
  4715 | D:5      | Reached skill level 7 in Fighting
  4777 | D:5      | Found a glowing drain.
  4803 | Sewer    | Entered a sewer
  4839 | Sewer    | Reached XP level 8. HP: 63/73 MP: 8/8
  5091 | Sewer    | Reached **** piety under Trog
  5313 | D:5      | Noticed Sigmund
  5329 | D:5      | Killed Sigmund
  5370 | D:5      | Found a blossoming altar of Fedhas.
  5395 | D:5      | Found a runed gate.
  5395 | D:5      | Found a runed gate.
  5396 | D:5      | Noticed lurker's ghost (amateur DDEE)
  5397 | D:5      | Found a runed gate.
  5451 | D:5      | Reached skill level 5 in Dodging
  5691 | D:6      | Reached skill level 8 in Fighting
  5728 | D:6      | Found a staircase to the Ecumenical Temple.
  5752 | D:6      | Found a bloodstained altar of Trog.
  5859 | D:6      | Found a glowing golden altar of the Shining One.
  5918 | D:6      | Found an opulent altar of Gozag.
  5919 | D:6      | Found a glowing silver altar of Zin.
  6034 | D:6      | Found Oschihuel's Assorted Antiques.
  6043 | D:6      | Bought a scroll labeled VEFEEQ BOESHRU for 21 gold pieces
  6043 | D:6      | Bought a scroll of identify for 42 gold pieces
  6043 | D:6      | Bought 3 scrolls of identify for 126 gold pieces
  6734 | D:7      | Found a stormy altar of Qazlal.
  6793 | D:7      | Noticed Duvessa
  6795 | D:7      | Noticed Dowan
  6806 | D:7      | Killed Duvessa
  6806 | D:7      | Reached XP level 9. HP: 62/82 MP: 7/9
  6816 | D:7      | Killed Dowan
  7159 | D:7      | Reached skill level 9 in Fighting
  7203 | D:7      | Noticed Joseph
  7216 | D:7      | Killed Joseph
  7893 | D:8      | Found a radiant altar of Vehumet.
  7947 | D:8      | Noticed a two-headed ogre
  7952 | D:8      | Killed a two-headed ogre
  7952 | D:8      | Reached skill level 10 in Fighting
  8134 | D:8      | Reached XP level 10. HP: 43/94 MP: 4/10
  8224 | D:8      | Reached ***** piety under Trog
  8273 | D:8      | Received a gift from Trog
  8824 | D:9      | Paralysed by a hornet for 3 turns
  8996 | D:9      | Reached skill level 10 in Long Blades
  9069 | D:9      | Found an ancient bone altar of Kikubaaqudgha.
  9138 | D:9      | Reached skill level 11 in Fighting
  9751 | D:9      | Found a snail-covered altar of Cheibriados.
 10330 | D:9      | Noticed a two-headed ogre
 10343 | D:9      | Killed a two-headed ogre
 10604 | D:10     | Entered Level 10 of the Dungeon
 10604 | D:10     | Noticed Psyche
 10610 | D:10     | Killed Psyche
 10610 | D:10     | Reached skill level 12 in Fighting
 10614 | D:10     | Reached XP level 11. HP: 104/104 MP: 11/11
 10733 | D:10     | Noticed a two-headed ogre
 10751 | D:10     | Slain by a two-headed ogre

Vault maps used:
D:1:      ncdulo_smallfort, serial_bayou_pond_c
D:2:      gammafunk_temple_overflow_statue, first_ration,
          nicolae_dithmenos_through_a_glass_darkly, uniq_terence
D:3:      overflow_temple_1_default, nicolae_ashenzari_panopticon, uniq_ijyb
D:4:      nemelex_altar_shiori
D:5:      fedhas_altar_3, gammafunk_ghost_split, gup_sewer_entry_pipe,
          uniq_menkaure, uniq_sigmund
D:6:      grunt_temple_overflow_gold_and_silver, lemuel_round_altar,
          kennysheep_mini, minmay_temple_entry_from_below_a, serial_shops, shop
D:7:      nicolae_qazlal_eye_of_the_storm, uniq_joseph, uniq_duvessa
D:8:      old_standard_altar, grunt_ministairs_12
D:9:      minmay_quarter_circles, lemuel_round_altar, overflow_temple_1_default,
          hangedman_pestilent_swarm, nicolae_two_hexagons
D:10:     dpeg_lair_monsters, serial_shops, shop, zaba_antful_of_joy,
          uniq_psyche
Sewer:    sewer_frog_island_02

Skill      XL: |  1  2  3  4  5  6  7  8  9 10 |
---------------+-------------------------------+-----
Dodging        | 3 4 5 6 7 |  7.5
Fighting       | 4 5 6 7 8 10 12 | 12.0
Long Blades    | 4 5 6 8 9 11 | 11.1

Action                   |  1- 3 |  4- 6 |  7- 9 | 10-12 || total
-------------------------+-------+-------+-------+-------++-------
Melee: Falchion          |    45 |   153 |    66 |       ||   264
       Tailslap          |     6 |    18 |    88 |    68 ||   180
       Long sword        |       |       |   397 |   284 ||   681
Invok: Berserk           |     1 |     4 |     6 |     6 ||    17
       Trog's Hand       |       |       |     3 |     4 ||     7
 Abil: Breathe Dispellin |       |       |     3 |       ||     3
  Use: Scroll            |       |     9 |     6 |       ||    15
       Potion            |       |       |       |     9 ||     9
 Stab: Sleeping          |       |     1 |     1 |     1 ||     3
       Distracted        |       |       |     1 |     1 ||     2
  Eat: Chunk             |     1 |     9 |    19 |    13 ||    42
       Ration            |       |       |     2 |     1 ||     3
Armor: Skin              |    13 |    39 |   125 |    71 ||   248
Dodge: Dodged            |    31 |   103 |   337 |   278 ||   749
       Rpst.: Falchion   |     9 |    29 |    13 |       ||    51
       Long sword        |       |       |    83 |    70 ||   153

Table legend:
 A = Non-vault XP
 B = Vault XP
 C = Vault XP percentage of total XP
 D = Non-vault monster count
 E = Vault monster count
 F = Vault count percentage of total count
                 A         B        C        D         E       F
            +---------+---------+-------+---------+---------+-------
      Total |    6808 |    4443 |  39.5 |     175 |     100 |  36.4
            +---------+---------+-------+---------+---------+-------
        D:1 |      43 |       0 |   0.0 |      15 |       0 |   0.0
        D:2 |     133 |       0 |   0.0 |      19 |       0 |   0.0
        D:3 |     203 |       0 |   0.0 |      28 |       0 |   0.0
        D:4 |     773 |       0 |   0.0 |      22 |       0 |   0.0
        D:5 |     160 |     402 |  71.5 |       6 |      11 |  64.7
        D:6 |     432 |       0 |   0.0 |      10 |       0 |   0.0
        D:7 |     965 |     675 |  41.2 |      29 |       3 |   9.4
        D:8 |    1653 |       0 |   0.0 |      14 |       0 |   0.0
        D:9 |    2146 |    2652 |  55.3 |      24 |      30 |  55.6
       D:10 |     300 |     424 |  58.6 |       8 |       1 |  11.1
      Sewer |       0 |     290 | 100.0 |       0 |      55 | 100.0
            +---------+---------+-------+---------+---------+-------
